 Dungeon Crawl Stone Soup version 0.30.0-29-ga12c61a403 (webtiles) character file.

Game seed: 16839752787511138960

45086 cdecastro the Brawler (level 14, -6/108 HPs)
             Began as a Ghoul Fighter on June 3, 2023.
             Was an Elder of Hepliaklqana.
             Mangled by an ettin
             ... wielding a +0 dire flail
              (11 damage)
             ... on level 15 of the Dungeon.
             The game lasted 00:47:18 (16355 turns).

cdecastro the Brawler (Ghoul Fighter)              Turns: 16355, Time: 00:47:18

Health: -6/108     AC: 23    Str: 25    XL:     14   Next: 31%
Magic:  0/16       EV:  8    Int:  3    God:    Hepliaklqana [****..]
Gold:   1010       SH:  6    Dex:  8    Spells: 13/13 levels left

rFire   . .          .
                       - Unarmed
rCold   + + .        b - +0 buckler
rNeg    + + +        Z - +1 plate armour {rC+}
rPois   ∞            (no helmet)
rElec   .            H - +1 cloak {Will+}
rCorr   .            D - +0 pair of gloves
SInv    .            (no boots)
Will    +++..        z - amulet of guardian spirit Stlth
                     m - ring of willpower
HPRegen 0.00/turn    w - +4 ring of protection
MPRegen 0.15/turn

%: guardian spirit
@: inhibited regen
A: reduced essence, claws 1, cold resistance 1, negative energy resistance 3,
inhibited regeneration, torment resistance 2, devour on kill
a: Renounce Religion, Recall Ancestor, Ancestor Identity, Transference, Idealise


You were on level 15 of the Dungeon.
You worshipped Hepliaklqana.
Hepliaklqana was greatly pleased with you.
You visited 2 branches of the dungeon, and saw 16 of its levels.
You also visited: Ossuary and Bailey.

You collected 1010 gold pieces.

Inventory:

Missiles
 l - 7 javelins
 B - 20 boomerangs
 G - 10 poisoned darts (quivered)
 K - 5 boomerangs of dispersal
 T - 2 curare-tipped darts
Armour
 b - a +0 buckler (worn)
 D - a +0 pair of gloves (worn)
 H - a +1 cloak of willpower (worn)
 Z - a +1 plate armour of cold resistance (worn)
Jewellery
 m - a ring of willpower (left hand)
 q - a ring of flight
 w - a +4 ring of protection (right hand)
 z - an amulet of guardian spirit (around neck)
 F - a ring of protection from cold
Wands
 a - a wand of iceblast (6)
 d - a wand of quicksilver (8)
 k - a wand of mindburst (8)
 n - a wand of flame (37)
 u - a wand of digging (8)
 E - a wand of polymorph (16)
 I - a wand of charming (4)
Scrolls
 j - 4 scrolls of enchant weapon {unknown}
 o - 3 scrolls of noise {unknown}
 p - a scroll of acquirement {unknown}
 r - 2 scrolls of silence {unknown}
 s - 4 scrolls of immolation
 v - 3 scrolls of summoning {unknown}
 x - 3 scrolls of enchant armour {unknown}
 y - 2 scrolls of blinking {unknown}
 C - 5 scrolls of magic mapping {unknown}
 J - 4 scrolls of fear {unknown}
 L - a scroll of brand weapon {unknown}
 N - 4 scrolls of fog {unknown}
 P - a scroll of poison {unknown}
 Q - 3 scrolls of amnesia {unknown}
 U - a scroll of torment {unknown}
 Y - 2 scrolls of vulnerability {unknown}
Potions
 c - 4 potions of might
 g - 4 potions of flight
 h - a potion of invisibility
 i - 9 potions of curing
 t - a potion of mutation
 A - 2 potions of heal wounds
 M - 2 potions of ambrosia
 O - 4 potions of haste
 R - 2 potions of attraction
 S - a potion of brilliance
 V - 2 potions of resistance
 W - 3 potions of cancellation
Miscellaneous
 f - a box of beasts


   Skills:
 - Level 10.0 Fighting
 - Level 5.0 Throwing
 - Level 10.0 Armour
 - Level 5.3 Dodging
 + Level 9.7 Shields
 - Level 16.1 Unarmed Combat
 - Level 5.0 Invocations
 - Level 5.0 Evocations


You had 13 spell levels left.
You didn't know any spells.
Your spell library contained the following spells:

 Spells                   Type           Power      Damage    Failure   Level
 Apportation              Tloc           0%         N/A       100%        1
 Necrotise                Necr           0%         1d4       100%        1
 Summon Small Mammal      Summ           0%         N/A       100%        1
 Blink                    Tloc           0%         N/A       100%        2
 Cigotuvi's Dreadful Rot  Necr/Pois/Air  0%         N/A       100%        2
 Lesser Beckoning         Tloc           0%         N/A       100%        2
 Momentum Strike          Conj/Tloc      0%         3d8       100%        2
 Gell's Gravitas          Tloc           0%         N/A       100%        3
 Ignite Poison            Fire/Tmut/Pois 0%         N/A       100%        3
 Vhi's Electric Charge    Tloc/Air       0%         N/A       100%        3
 Petrify                  Tmut/Erth      0%         N/A       100%        4
 Arcjolt                  Conj/Air       0%         1d10      100%        5
 Freezing Cloud           Conj/Ice/Air   0%         6-21      100%        5
 Iskenderun's Battlesphe  Conj           0%         2d6       100%        5
 Lee's Rapid Deconstruct  Erth           0%         3d4*      100%        5
 Metabolic Englaciation   Hex/Ice        0%         N/A       100%        5
 Summon Forest            Summ/Tloc      0%         N/A       100%        5
 Iron Shot                Conj/Erth      0%         9d1       100%        6
 Spellforged Servitor     Conj/Summ      0%         N/A       100%        7
 Maxwell's Capacitive Co  Air            0%         ∞         100%        8
 Statue Form              Tmut/Erth      Unusable   N/A       N/A         6

Dungeon Overview and Level Annotations

Branches:
Dungeon (15/15)            Temple (1/1) D:4            Lair (0/5) D:10
    Orc (0/2) D:11         Vaults (0/5) D:13         Depths (0/4) D:15
Ossuary (visited)          Bailey (visited)

Altars:
Ashenzari
Cheibriados
Dithmenos
Fedhas
Gozag
Hepliaklqana
Kikubaaqudgha
Makhleb
Nemelex Xobeh
Okawaru
Qazlal
Ru
Sif Muna
Trog
Uskayaw
Vehumet
Wu Jian
Xom
Yredelemnul

Annotations:
D:7 vault need dig, exclusion: ice statue


Innate Abilities, Weirdness & Mutations

Your life essence is reduced to manifest your ancestor. (-10% HP)
You are immune to poison.
You have sharp fingernails.
Your flesh is cold resistant. (rC+)
You are immune to negative energy. (rN+++)
You do not regenerate when monsters are visible.
You are immune to unholy pain and torment.
You thrive by killing the living.


Message History

Unknown command.
You punch the ettin!
The ettin is heavily wounded.
The ettin barely misses you. The ettin hits you but does no damage.
The tengu conjurer gestures at you while chanting.
The bolt of lightning hits you!!
* * * LOW HITPOINT WARNING * * *
The bolt of lightning hits the ettin!
You punch the ettin!
The ettin is almost dead.
The ettin closely misses you.
The ettin hits you with a +0 dire flail!!!
* * * LOW HITPOINT WARNING * * *
Unknown command.
You swap places.
Something hits Sagil-Zimu!! x2
Sagil-Zimu is destroyed!
Unknown command.
You see here a +0 great mace.
Okay, then.
Unknown command.
There is a stone staircase leading up here.
You climb upwards.
The battlesphere dissipates.
There is a stone staircase leading down here.
As you read the scroll of identify, it crumbles to dust.
M - 2 potions of ambrosia
As you read the scroll of identify, it crumbles to dust.
R - 2 potions of attraction
As you read the scroll of identify, it crumbles to dust.
You have identified the last potion.
S - a potion of brilliance;
t - a potion of mutation
Okay, then.
Unknown command.
Okay, then.
Okay, then.
Unknown command.
Okay, then.
Unknown command.
You climb downwards.
The ettin hits you with a +0 dire flail!
You die...

#≈≈## #.≈≈######
#.#≈≈≈≈≈≈≈ .
#..###.# .. .
##.....# ##.. .
####.## ##..# .
##.###### ...#
###.......###..#
#...........@#
#..........C.# #
#.......Q....# ###
#.............#
Q.###..............#
..C###.............#
##).##.............#
###................#
.###...#...........#


You could see an ettin and a tengu conjurer.

Vanquished Creatures
  An orc warlord (Bailey)
  A hydra (D:13)
  Erica (D:8)
  3 boulder beetles
  6 centaur warriors
  A two-headed ogre (D:13)
  A tengu warrior (D:15)
  A sun demon (D:14)
  A swamp dragon (shapeshifter) (D:14)
  A wizard (D:15)
  A deep elf pyromancer (D:15)
  2 cyclopes
  2 manticores (D:13)
  A rust devil (D:6)
  Joseph (D:7)
  Maggie (D:9)
  A komodo dragon (D:13)
  3 meliai (D:12)
  A troll (D:7)
  A slime creature (D:13)
  2 wraiths
  8 yaks
  A shadow (D:11)
  5 water elementals (D:14)
  A fire elemental (D:14)
  4 vampire mosquitoes
  2 hell hounds
  3 acid dragons
  An ice beast (D:6)
  A sky beast (D:8)
  10 orc warriors
  An ogre (D:4)
  3 boggarts (D:14)
  4 centaurs
  3 elf zombies (Ossuary)
  2 phantoms
  2 kobold brigands
  3 bullfrogs
  Blork the orc (D:6)
  A gnoll sergeant (D:7)
  2 scorpions
  21 killer bees
  2 howler monkeys
  3 hounds
  2 jellies
  2 gnoll boudas
  7 orc priests
  3 iguanas
  A sleepcap (D:8)
  9 orc wizards
  2 mummies (Ossuary)
  14 gnolls
  4 adders
  A shadow imp (D:7)
  A white imp (D:6)
  An adder zombie (Ossuary)
  A dart slug (D:1)
  44 orcs
  11 endoplasms
  3 giant cockroaches
  9 goblins
  8 hobgoblins
  5 quokkas
  10 ball pythons
  5 bats
  2 frilled lizards (D:3)
  7 hobgoblin zombies (Ossuary)
  A jackal zombie (Ossuary)
  17 kobolds
  11 kobold zombies (Ossuary)
  4 orc zombies (Ossuary)
  3 rats
305 creatures vanquished.

Vanquished Creatures (collateral kills)
  A centaur warrior (D:13)
  2 catoblepae
  5 two-headed ogres
  A tengu warrior (D:14)
  Urug (D:13)
  Nergalle (D:12)
  A wizard (D:13)
  A deep elf pyromancer (D:14)
  A necromancer (D:13)
  An ugly thing (D:13)
  A manticore (D:14)
  2 gargoyles
  A rust devil (D:6)
  2 unseen horrors
  An efreet (D:14)
  A troll (D:13)
  A hornet (shapeshifter) (D:14)
  Prince Ribbit (D:6)
  A slime creature (D:13)
  A shadow (D:10)
  A spriggan (shapeshifter) (D:15)
  A vampire (D:10)
  A basilisk (D:13)
  2 yaks
  2 vampire mosquitoes
  An acid dragon (D:12)
  2 hell hounds (D:14)
  A centaur (D:14)
  2 elf zombies (Ossuary)
  A scorpion (D:7)
  9 killer bees
  2 electric eels (D:14)
  A jelly (D:6)
  2 orc priests (D:9)
  2 orc wizards (D:5)
  An adder (D:6)
  2 gnolls
  An adder zombie (Ossuary)
  16 orcs
  A goblin (Bailey)
  A goblin zombie (Ossuary)
  2 hobgoblin zombies (Ossuary)
  8 kobolds
  4 orc zombies (Ossuary)
93 creatures vanquished.

Vanquished Creatures (others)
  An unseen horror (D:13)
  An ogre (D:9)
  6 battlemagi
  2 ancestors (Bailey)
10 creatures vanquished.

Grand Total: 408 creatures vanquished

Notes
Turn   | Place    | Note
-------+----------+-------------------------------------------
     0 | D:1      | cdecastro the Ghoul Fighter began the quest for the Orb.
     0 | D:1      | Reached XP level 1. HP: 19/19 MP: 0/0
   102 | D:1      | Reached XP level 2. HP: 24/26 MP: 1/1
   112 | D:1      | Reached skill level 3 in Unarmed Combat
   588 | D:1      | Reached XP level 3. HP: 31/31 MP: 2/2
   934 | D:2      | Reached skill level 4 in Unarmed Combat
  1517 | D:3      | Reached XP level 4. HP: 38/38 MP: 3/3
  2080 | D:3      | Reached skill level 5 in Unarmed Combat
  2166 | D:4      | Noticed a scorpion
  2174 | D:3      | Killed a scorpion
  2175 | D:3      | Reached XP level 5. HP: 45/45 MP: 4/4
  2189 | D:3      | Reached skill level 6 in Unarmed Combat
  2277 | D:3      | Reached XP level 6. HP: 51/51 MP: 5/5
  2285 | D:4      | Reached skill level 7 in Unarmed Combat
  2297 | D:4      | Found a hazy altar of Hepliaklqana.
  2477 | D:4      | Found a staircase to the Ecumenical Temple.
  2767 | D:4      | Became a worshipper of Hepliaklqana the Forgotten
  2819 | Temple   | Entered the Ecumenical Temple
  3082 | D:5      | Entered Level 5 of the Dungeon
  3116 | D:4      | Reached skill level 8 in Unarmed Combat
  3116 | D:4      | Reached XP level 7. HP: 57/57 MP: 4/6
  3217 | D:5      | Reached skill level 9 in Unarmed Combat
  3340 | D:5      | Found a snail-covered altar of Cheibriados.
  3899 | D:6      | Reached XP level 8. HP: 63/63 MP: 7/7
  3919 | D:6      | Reached skill level 10 in Unarmed Combat
  4207 | D:6      | Reached * piety under Hepliaklqana
  4216 | D:6      | Noticed Blork the orc
  4228 | D:6      | Killed Blork the orc
  4279 | D:6      | Found a sand-covered staircase.
  4287 | Ossuary  | Entered an ossuary
  4424 | Ossuary  | Reached skill level 5 in Fighting
  4737 | D:5      | Reached skill level 5 in Armour
  4932 | D:6      | Reached XP level 9. HP: 66/66 MP: 8/8
  5097 | D:6      | Noticed Prince Ribbit
  5111 | D:6      | Killed Prince Ribbit
  5112 | D:6      | Reached skill level 5 in Shields
  5274 | D:6      | Found an opulent altar of Gozag.
  5708 | D:7      | Found a flagged portal.
  5723 | Bailey   | Entered a bailey
  5742 | Bailey   | Noticed an orc warlord
  5832 | Bailey   | Reached skill level 11 in Unarmed Combat
  5857 | Bailey   | Found a runed translucent gate.
  5857 | Bailey   | Found a runed translucent gate.
  5857 | Bailey   | Found a runed translucent gate.
  6125 | Bailey   | Killed an orc warlord
  6126 | Bailey   | Reached skill level 12 in Unarmed Combat
  6201 | Bailey   | Reached skill level 16 in Unarmed Combat
  6201 | Bailey   | Reached XP level 10. HP: 65/72 MP: 9/9
  6202 | Bailey   | Reached skill level 5 in Dodging
  6202 | Bailey   | Reached XP level 11. HP: 77/85 MP: 10/10
  6380 | D:7      | Reached XP level 12. HP: 85/92 MP: 9/11
  6466 | D:7      | Noticed Joseph
  6480 | D:7      | Killed Joseph
  6556 | D:7      | Reached ** piety under Hepliaklqana
  6557 | D:7      | Remembered your ancestor Sagil-Zimu as a battlemage
  6978 | D:6      | Reached skill level 5 in Throwing
  7322 | D:8      | Noticed Erica
  7344 | D:8      | Killed Erica
  7658 | D:8      | Found a bloodstained altar of Trog.
  8119 | D:9      | Reached skill level 10 in Fighting
  8122 | D:9      | Reached skill level 1 in Evocations
  8222 | D:9      | Identified the +3 morningstar "Nyihud Doack" {vamp, Fly
                  | Dex+3}
  8230 | D:9      | Noticed Maggie
  8245 | D:9      | Killed Maggie
  8349 | D:9      | Got the Cyclopedia of Moving Silt
  8779 | D:10     | Entered Level 10 of the Dungeon
  8798 | D:10     | Reached *** piety under Hepliaklqana
  8800 | D:10     | Noticed a catoblepas
  8807 | D:10     | Killed a catoblepas
  8907 | D:10     | Found a staircase to the Lair.
  8945 | D:10     | Found a stormy altar of Qazlal.
  9259 | D:10     | Reached skill level 5 in Evocations
  9303 | D:10     | Found a radiant altar of Vehumet.
  9635 | D:10     | Found a shimmering blue altar of Sif Muna.
  9730 | D:11     | Found a staircase to the Orcish Mines.
  9748 | D:11     | Noticed a two-headed ogre
  9844 | D:11     | Noticed a two-headed ogre
  9848 | D:10     | Reached skill level 1 in Invocations
  9883 | D:10     | Killed a two-headed ogre
 10049 | D:11     | Killed a two-headed ogre
 10267 | D:11     | Reached skill level 5 in Invocations
 10554 | D:11     | Noticed a boulder beetle
 10561 | D:11     | Killed a boulder beetle
 10562 | D:11     | Reached XP level 13. HP: 89/101 MP: 12/15
 10887 | D:12     | Reached **** piety under Hepliaklqana
 10963 | D:12     | Noticed Nergalle
 10970 | D:12     | Killed Nergalle
 12140 | D:13     | Found a gate to the Vaults.
 12140 | D:13     | Noticed Urug
 12433 | D:13     | Killed Urug
 13451 | D:13     | Reached skill level 10 in Armour
 14337 | D:14     | Noticed Azrael
 14338 | D:14     | Reached XP level 14. HP: 62/108 MP: 9/16
 14919 | D:14     | Azrael changed into Azrael the sun demon
 14919 | D:14     | Noticed Azrael
 14927 | D:14     | Killed Azrael the sun demon
 16192 | D:15     | Entered Level 15 of the Dungeon
 16320 | D:15     | Found a staircase to the Depths.
 16325 | D:15     | HP: 2/108 [ettin/+0 dire flail (34)]
 16355 | D:15     | Mangled by an ettin

Illustrated notes

Levels and vault maps discovered:
D:1:      minmay_arrival_nine_rooms, layout_basic
D:2:      layout_basic
D:3:      layout_loops_ring
D:4:      layout_cave_pools, mainiacjoe_overflow_catwalk,
          minmay_temple_entry_glass
D:5:      nicolae_cairo_tiling, layout_cave_pools, cheibriados_altar_1,
          minmay_misc_feat_chi
D:6:      cheibrodos_iron_armory, layout_gridville, grunt_gozag_breadcrumbs,
          lemuel_crystal_altar, enter_ossuary_1, uniq_prince_ribbit1,
          uniq_blork_the_orc
D:7:      lemuel_ice_statue, layout_loops_ring, enter_bailey_2,
          minmay_statues_item, uniq_joseph
D:8:      layout_loops_ring, kennysheep_little_box, uniq_erica
D:9:      layout_roguey [special_room_orc], uniq_maggie
D:10:     layout_grid_maze, nicolae_qazlal_style_of_elements,
          nicolae_sif_muna_little_library, old_standard_altar, lair_entry_dummy,
          minmay_misc_feat_iff, grunt_decor_mini_mirrors
D:11:     layout_rooms
D:12:     layout_roguey, uniq_nergalle
D:13:     minmay_bloctagon, layout_loops_ring, david_vaults_1,
          minmay_misc_feat_rows, nicolae_fountain_basement, uniq_urug
D:14:     layout_basic, minmay_misc_feat_nine_boxes, serial_bayou,
          serial_bayou_crossing, serial_bayou_shore_b, serial_bayou_lagoon_a,
          serial_bayou_ford_a, minmay_liquid_box, kennysheep_small_circle,
          uniq_azrael
D:15:     hangedman_depths_entry_civil_slaughter, layout_cave_pods,
          water_maze_lemuel
Temple:   dpeg_chambers_temple

Skill      XL: |  1  2  3  4  5  6  7  8  9 10 11 12 13 14 |
---------------+-------------------------------------------+-----
Unarmed Combat | 3 4 5 6 8 9 10 16 | 16.1
Fighting       | 5 8 10 | 10.0
Armour         | 5 10 | 10.0
Shields        | 4 5 7 9 |  9.7
Throwing       | 3 5 |  5.0
Dodging        | 5 |  5.3
Evocations     | 5 |  5.0
Invocations    | 5 |  5.0

Action                     |  1- 3 |  4- 6 |  7- 9 | 10-12 | 13-15 || total
---------------------------+-------+-------+-------+-------+-------++-------
  Melee: Unarmed           |   122 |   133 |   329 |   281 |   273 ||  1138
  Throw: Dart              |       |       |       |     1 |    16 ||    17
         Boomerang         |       |       |       |       |     7 ||     7
 Invoke: Recall Ancestor   |       |       |     2 |     2 |     9 ||    13
         Ancestor Identity |       |       |       |     1 |       ||     1
         Transference      |       |       |       |     1 |     3 ||     4
         Ancestor Life: Ba |       |       |       |     1 |       ||     1
  Evoke: Wand              |       |       |       |     1 |     9 ||    10
    Use: Scroll            |       |       |    10 |     3 |     6 ||    19
         Potion            |       |       |     3 |     1 |     3 ||     7
   Stab: Distracted        |       |       |     2 |     7 |     3 ||    12
         Invisible         |       |       |     1 |       |       ||     1
 Armour: Scale mail        |    47 |     5 |       |       |       ||    52
         Chain mail        |       |    96 |   215 |       |       ||   311
         Plate armour      |       |       |       |   195 |   250 ||   445
  Dodge: Dodged            |    54 |    64 |    96 |   115 |   123 ||   452
  Block: Buckler           |    16 |    32 |    62 |    63 |    60 ||   233
